 Dungeon Sprint DCSS version 0.17-a0-2030-g9ce824c (webtiles) character file.

1189 Ordine the Eclecticist (level 8, -10/41 HPs)
             Began as a Deep Elf Fire Elementalist on Oct 10, 2015.
             Was a Follower of Vehumet.
             Killed by an exploding giant spore (18 damage)
             ... in the Dungeon (Sprint I: "Red Sonja").
             The game lasted 00:04:56 (786 turns).

Ordine the Eclecticist (Deep Elf Fire Elementalist)  Turns: 786, Time: 00:04:57

Health: -10/41     AC:  2    Str:  5    XL:     8   Next: 19%
Magic:  34/34      EV: 13    Int: 23    God:    Vehumet [*.....]
Gold:   405        SH:  0    Dex: 15    Spells: 4 memorised, 33 levels left

rFire  . . .     SeeInvis .     d - +0 dagger (venom)
rCold  . . .     Clarity  .     a - +0 robe
rNeg   . . .     SustAt   .     (no shield)
rPois  .         Gourm    .     (no helmet)
rElec  .         Spirit   .     (no cloak)
rCorr  .         Warding  .     (no gloves)
rMut   .         NoTele   +     (no boots)
MR     .....                    (no amulet)
Stlth  +.........               (no ring)
                                (no ring)

@: confused, not resistant to hostile enchantments, very unstealthy
A: no striking features
a: Renounce Religion


You were in the Dungeon.
You worshipped Vehumet.
Vehumet was aware of your devotion.
You were hungry.

You visited 1 branch You collected 405 gold pieces.

Inventory:

Hand Weapons
 d - a +0 dagger of venom (weapon)
Armour
 a - a +0 robe (worn)
Scrolls
 i - a scroll of blinking
Potions
 e - 2 potions of heal wounds
 f - a potion of haste
 g - 2 potions of magic
Books
 b - a book of Burglary

   Spells                             Type                      Level
   a - Swiftness                      Charms/Air                   2
   b - Passwall                       Transmutation/Earth          3
   c - Passage of Golubria            Translocation                4
   d - Lee's Rapid Deconstruction     Earth                        5
   e - Darkness                       Hexes                        6
   f - Invisibility                   Hexes                        6
Comestibles
 c - 2 bread rations


   Skills:
 - Level 2.4 Dodging
 - Level 2.4 Stealth
 + Level 20.1 Spellcasting
 - Level 6.5 Conjurations
 - Level 3.2 Fire Magic


You had 33 spell levels left.
You knew the following spells:

 Your Spells              Type           Power        Failure   Level  Hunger
a - Throw Flame           Conj/Fire      #####.       1%          2    None
b - Conjure Flame         Conj/Fire      #####...     1%          3    None
c - Sticky Flame          Conj/Fire      #####...     3%          4    None
d - Fireball              Conj/Fire      #####.....   10%         5    None


Dungeon Overview and Level Annotations

Branches:
Dungeon (1/1)

Altars:
Cheibriados
Dithmenos
Elyvilon
Fedhas
Gozag
Kikubaaqudgha
Makhleb
Nemelex Xobeh
Okawaru
Qazlal
Ru
Sif Muna
Trog
Vehumet
Xom
Yredelemnul
Zin
The Shining One
Jiyva

Shops:
D =%


Message History

You feel yourself speed up.
There is an open door here.
Things that are here:
a blowgun; 6 curare-tipped needles; the kobold corpse of Sonja You start resting.
HP restored.
You open the door.
The giant spore waves its rhizomes. x2
A ballistomycete grows in the wake of the giant spore.
The giant spore explodes!
The explosion of spores engulfs you!
You are confused.
Ouch! That really hurt!
* * * LOW HITPOINT WARNING * * *
The explosion of spores engulfs the giant spore.
The giant spore explodes!
The explosion of spores engulfs the ballistomycete.
The explosion of spores engulfs you!
You are more confused.
You die...

#..#__####..##.#
#..#_..__##'#..+
#⌠⌠#_.∩...'..._#
####_..._##_(#'#
#_____###'#.#
############.###
#∩........'...+
###++++####.).#
##@## #'#


!$P $$??$ ####### There were no monsters in sight!

Vanquished Creatures
  Sonja (D)
  A slime creature (D)
  Sigmund (D)
  A yak (D)
  An ogre (D)
  A jelly (D)
  Ijyb (D)
7 creatures vanquished.

Vanquished Creatures (others)
  A gargoyle (D)
1 creature vanquished.

Grand Total: 8 creatures vanquished

Notes
Turn   | Place    | Note
--------------------------------------------------------------
     0 | D        | Ordine the Deep Elf Fire Elementalist began the quest for the Orb.
     0 | D        | Reached XP level 1. HP: 10/10 MP: 6/6
     2 | D        | Noticed Ijyb
    11 | D        | Killed Ijyb
    11 | D        | Reached skill level 6 in Conjurations
    11 | D        | Reached XP level 2. HP: 14/15 MP: 5/8
    59 | D        | Learned a level 2 spell: Throw Flame
    98 | D        | Noticed an ogre
   104 | D        | Killed an ogre
   104 | D        | Reached skill level 9 in Spellcasting
   104 | D        | Reached XP level 3. HP: 19/19 MP: 0/16
   104 | D        | Reached XP level 4. HP: 24/24 MP: 0/17
   319 | D        | Learned a level 4 spell: Sticky Flame
   323 | D        | Learned a level 3 spell: Conjure Flame
   323 | D        | Noticed Sigmund
   328 | D        | Killed Sigmund
   328 | D        | Reached skill level 13 in Spellcasting
   328 | D        | Reached XP level 5. HP: 21/28 MP: 7/23
   328 | D        | Reached XP level 6. HP: 24/32 MP: 7/24
   335 | D        | Learned a level 5 spell: Fireball
   425 | D        | Found a deep blue altar of Sif Muna.
   426 | D        | Noticed a jelly
   427 | D        | Killed a jelly
   427 | D        | Reached skill level 14 in Spellcasting
   428 | D        | Found a radiant altar of Vehumet.
   439 | D        | Became a worshipper of Vehumet
   469 | D        | Found Valizu's Food Emporium.
   469 | D        | Found a white marble altar of Elyvilon.
   469 | D        | Found a stormy altar of Qazlal.
   469 | D        | Found a burning altar of Makhleb.
   469 | D        | Found a sacrificial altar of Ru.
   469 | D        | Found a basalt altar of Yredelemnul.
   469 | D        | Found a glowing golden altar of the Shining One.
   469 | D        | Found a sparkling altar of Nemelex Xobeh.
   469 | D        | Found a shimmering altar of Xom.
   469 | D        | Found an opulent altar of Gozag.
   469 | D        | Found an ancient bone altar of Kikubaaqudgha.
   469 | D        | Found a glowing silver altar of Zin.
   469 | D        | Noticed a yak
   474 | D        | Killed a yak
   474 | D        | Reached skill level 16 in Spellcasting
   476 | D        | Killed a gargoyle
   480 | D        | Found an iron altar of Okawaru.
   481 | D        | Found a bloodstained altar of Trog.
   498 | D        | Found a snail-covered altar of Cheibriados.
   498 | D        | Found a viscous altar of Jiyva.
   498 | D        | Found a shadowy altar of Dithmenos.
   498 | D        | Found a blossoming altar of Fedhas.
   498 | D        | Noticed a slime creature
   512 | D        | Killed a slime creature
   512 | D        | Reached skill level 17 in Spellcasting
   512 | D        | Reached XP level 7. HP: 36/36 MP: 10/30
   701 | D        | Noticed Sonja
   703 | D        | Killed Sonja
   703 | D        | Acquired Vehumet's first power
   703 | D        | Offered knowledge of Magic Dart by Vehumet.
   703 | D        | Reached skill level 20 in Spellcasting
   703 | D        | Reached XP level 8. HP: 21/41 MP: 21/34
   727 | D        | Found Qeschy's Jewellery Boutique.
   786 | D        | Killed by an exploding giant spore

Vault maps used:
D:        dungeon_sprint_1

Action                   |  1- 3 |  4- 6 |  7- 9 || total
-------------------------+-------+-------+-------++-------
Melee: Unarmed           |     6 |       |       ||     6
 Cast: Flame Tongue      |     1 |       |       ||     1
       Throw Flame       |     3 |     6 |       ||     9
       Fireball          |       |     4 |     2 ||     6
       Sticky Flame      |       |     2 |       ||     2
  Use: Potion            |     1 |       |     1 ||     2
       Scroll            |       |     1 |       ||     1
